 Dungeon Crawl Stone Soup version 0.24-a0-201-gf205589 (webtiles) character file.

Game seed: 17727501642608090135

5478 vishdafish the Blocker (level 10, -8/63 HPs)
             Began as an Octopode Fighter on Mar 21, 2019.
             Mangled by a gnoll
             ... wielding a +0 halberd
              (9 damage)
             ... in a bailey.
             The game lasted 00:21:10 (9126 turns).

vishdafish the Blocker (Octopode Fighter)           Turns: 9126, Time: 00:21:10

Health: -8/63      AC:  1    Str: 16    XL:     10   Next: 69%
Magic:  15/15      EV: 13    Int: 12    God:
Gold:   436        SH: 12    Dex: 16    Spells: 9/9 levels left

rFire    x . .     SeeInvis .     - Unarmed
rCold    + . .     Gourm    .   a - +0 shield
rNeg     . . .     Faith    .   (helmet restricted)
rPois    .         Spirit   .   (no amulet)
rElec    .         Reflect  .   (no ring)
rCorr    .         Harm     .   q - ring of ice
MR       .....                  b - +3 ring of dexterity
Stlth    ++........             (no ring)
HPRegen  0.20/turn              (no ring)
MPRegen  0.14/turn              (no ring)
                                (no ring)
                                (no ring)

@: no status effects
A: almost no armour, stealthy swim, amphibious, 8 rings, constrict 8, camouflage
1, gelatinous body 1
a: no special abilities


You were in a bailey.
You were very hungry.

You visited 1 branch of the dungeon, and saw 8 of its levels.
You also visited: Ossuary and Bailey.

You collected 436 gold pieces.

Inventory:

Hand Weapons
 u - the +4 war axe of Zaimug {venom, MP+9 Str+3}
   (You found it on level 7 of the Dungeon)

   It poisons the flesh of those it strikes.
   It affects your strength (+3).
   It affects your magic capacity (+9).
Missiles
 h - 6 tomahawks (quivered)
 o - 8 throwing nets
Armour
 a - a +0 shield (worn)
 p - a +2 buckler
Jewellery
 b - a +3 ring of dexterity (on tentacle)
 q - a ring of ice (right tentacle)
Wands
 l - a wand of digging (7)
 s - a wand of random effects (7)
 C - a wand of polymorph (11)
Scrolls
 d - 5 scrolls of fear
 g - 3 scrolls of noise
 k - 2 scrolls of magic mapping
 n - 8 scrolls of teleportation
 t - 2 scrolls of fog
 y - a scroll of blinking {unknown}
 A - a scroll of vulnerability {unknown}
 D - 2 scrolls of remove curse
Potions
 e - 4 potions of curing
 f - 4 potions of heal wounds
 i - a potion of lignification {unknown}
 j - 3 potions of magic {unknown}
 m - a potion of berserk rage {unknown}
 r - 2 potions of agility {unknown}
 v - 4 potions of mutation {unknown}
 w - 3 potions of flight {unknown}
 z - 13 potions of degeneration
 B - a potion of might
Comestibles
 c - 11 rations


   Skills:
 - Level 3.0 Fighting
 - Level 3.0 Dodging
 - Level 10.4 Shields
 - Level 10.2 Unarmed Combat
 + Level 7.2 Evocations


You had 9 spell levels left.
You didn't know any spells.
Your spell library was empty.

Dungeon Overview and Level Annotations

Branches:
Dungeon (8/15)             Temple (0/1) D:6
   Lair: D:8-11

Altars:
Ashenzari
Dithmenos
Trog

Shops:
D:5 [   D:7 %


Innate Abilities, Weirdness & Mutations

You cannot wear most types of armour.
You are very stealthy in the water. (Stealth+)
You are amphibious.
You can wear up to eight rings at the same time.
You can use your tentacles to constrict eight enemies at once.
Your skin changes colour to match your surroundings (Stealth+).
Your rubbery body absorbs attacks. (AC +1, EV +1)


Message History

The gnoll is heavily wounded.
The gnoll hits you with a +0 halberd.
You tentacle-slap the gnoll. You grab the gnoll.
The gnoll is severely wounded.
You constrict the gnoll. You block the gnoll's attack.
You tentacle-slap the gnoll but do no damage.
Your squeeze misses the gnoll.
The gnoll is severely wounded.
You constrict the gnoll, but do no damage.
The gnoll hits you with a +0 halberd.
* * * LOW HITPOINT WARNING * * *
The gnoll misses you.
You bludgeon the gnoll!
You kill the gnoll!
The gnoll throws a throwing net.
You block the throwing net.
You see here a throwing net.
The gnoll hits you from afar with a +0 halberd!
* * * LOW HITPOINT WARNING * * *
The gnoll hits you from afar with a +0 halberd!
You die...

.......#..≈♣
#####.....#..≈♣
##g..##....#..≈♣
####.....###'##..≈♣
..#.......#..)...≈♣
))'...8...))).g..≈♣
..#.......#)..g..≈♣
####.....###)##..≈♣
##...##))..#.@≈♣
..#####.....#..≈♣
.......)....#..≈♣
...........##..≈♣ #
8.......8.##)..≈♣
#############)..≈≈♣
≈≈≈≈≈≈≈≈≈≈≈≈≈≈≈≈≈♣♣
♣♣♣♣♣♣♣♣♣♣♣♣♣♣♣♣♣♣


You could see 2 gnolls.

Vanquished Creatures
  Harold (D:7)
  An ugly thing (D:6)
  Joseph (D:8)
  A troll (D:7)
  A hippogriff (D:7)
  A yak (D:6)
  Edmund (D:6)
  Duvessa (D:7)
  An ice beast (D:5)
  A black bear (D:6)
  2 ogres (D:5)
  2 centaurs (D:5)
  2 bullfrogs
  5 gnoll sergeants
  A water moccasin zombie (Ossuary)
  Dowan (D:7)
  4 killer bees (D:8)
  5 wights (D:8)
  A howler monkey (D:8)
  3 bullfrog zombies
  5 crimson imps
  2 orc priests
  A centaur skeleton (D:5)
  13 mummies (Ossuary)
  3 gnoll shamans (Bailey)
  2 bullfrog skeletons
  7 hounds
  2 jellies
  2 orc wizards
  An iguana (D:4)
  8 worker ants
  A killer bee zombie (Ossuary)
  2 hound zombies (Ossuary)
  A hound skeleton (D:8)
  A howler monkey zombie (Ossuary)
  Robin (D:2)
  20 gnolls
  11 adders
  A shadow imp (D:8)
  2 oozes
  3 dart slugs
  3 worms
  7 leopard geckos
  16 orcs
  2 ball pythons
  9 bats
  4 giant cockroaches
  21 goblins
  8 hobgoblins
  25 jackals
  5 quokkas
  4 frilled lizards (D:2)
  A giant cockroach zombie (Ossuary)
  10 kobolds
  2 leopard gecko skeletons
  A leopard gecko zombie (Ossuary)
  2 quokka zombies
  4 rats
249 creatures vanquished.

Vanquished Creatures (others)
  A withered plant (Ossuary)
1 creature vanquished.

Grand Total: 250 creatures vanquished

Notes
Turn   | Place    | Note
-------+----------+-------------------------------------------
     0 | D:1      | vishdafish the Octopode Fighter began the quest for the
                  | Orb.
     0 | D:1      | Reached XP level 1. HP: 16/16 MP: 1/1
    77 | D:1      | Reached XP level 2. HP: 21/21 MP: 2/2
   360 | D:1      | Reached XP level 3. HP: 17/26 MP: 3/3
   366 | D:1      | Found a shattered altar of Ashenzari.
   837 | D:2      | Noticed Robin
  1116 | D:2      | Killed Robin
  1116 | D:2      | Reached XP level 4. HP: 19/31 MP: 4/4
  1349 | D:2      | Found a bloodstained altar of Trog.
  2293 | D:2      | Reached XP level 5. HP: 32/36 MP: 5/5
  2949 | D:3      | Found a shadowy altar of Dithmenos.
  3257 | D:4      | Reached skill level 5 in Shields
  3257 | D:4      | Reached XP level 6. HP: 36/42 MP: 6/6
  3683 | D:4      | Found a sand-covered staircase.
  3688 | Ossuary  | Entered an ossuary
  3695 | Ossuary  | Reached skill level 5 in Unarmed Combat
  3712 | Ossuary  | Reached XP level 7. HP: 14/46 MP: 7/7
  4803 | D:5      | Entered Level 5 of the Dungeon
  4803 | D:5      | Found Ocianki's Armour Shoppe.
  4865 | D:5      | Reached XP level 8. HP: 44/52 MP: 8/8
  5760 | D:6      | Noticed a yak
  5773 | D:6      | Killed a yak
  5773 | D:6      | Reached XP level 9. HP: 32/56 MP: 9/9
  6053 | D:6      | Noticed Edmund
  6067 | D:6      | Killed Edmund
  6292 | D:6      | Found a staircase to the Ecumenical Temple.
  6407 | D:6      | Noticed a purple ugly thing
  6416 | D:6      | Killed a purple ugly thing
  6687 | D:7      | Got a slimy war axe
  6688 | D:7      | Identified the +4 war axe of Zaimug {venom, MP+9 Str+3}
                  | (You found it on level 7 of the Dungeon)
  6768 | D:7      | Noticed Harold
  6787 | D:7      | Killed Harold
  6787 | D:7      | Reached skill level 10 in Shields
  6787 | D:7      | Reached skill level 10 in Unarmed Combat
  6787 | D:7      | Reached XP level 10. HP: 23/63 MP: 10/10
  6997 | D:7      | Noticed Dowan
  7003 | D:7      | Noticed Duvessa
  7006 | D:7      | Killed Dowan
  7014 | D:7      | Killed Duvessa
  7805 | D:7      | Found Mablehib's Food Emporium.
  8102 | D:8      | Noticed Joseph
  8108 | D:8      | Killed Joseph
  8111 | D:8      | Reached skill level 5 in Evocations
  8143 | D:8      | Found a flagged portal.
  8385 | Bailey   | Entered a bailey
  9125 | Bailey   | HP: 1/63 [gnoll/+0 halberd (13)]
  9126 | Bailey   | Mangled by a gnoll

Levels and vault maps discovered:
D:1:      ncdulo_smallfort, layout_basic, minmay_tree_intersection,
          evilmike_ruin_ashenzari
D:2:      layout_basic, first_ration, trog_hazing_becter, uniq_robin
D:3:      layout_loops_ring, nicolae_dithmenos_through_a_glass_darkly
D:4:      layout_gridville, enter_ossuary_2
D:5:      layout_cave_pools, serial_shops, shop
D:6:      layout_basic, minmay_temple_entry_overgrown, kb_rosetta, uniq_edmund
D:7:      layout_loops_ring, serial_shops, shop, uniq_duvessa, uniq_harold
D:8:      layout_loops_ring, enter_bailey_7, hangedman_little_slice_of_home,
          uniq_psyche, uniq_joseph
Ossuary:  ossuary_zaba_flooded
Bailey:   bailey_polearm_gnolls_kennysheep, bailey

Skill      XL: |  1  2  3  4  5  6  7  8  9 10 |
---------------+-------------------------------+-----
Unarmed Combat | 3 4 5 6 8 10 | 10.2
Shields        | 4 5 6 8 10 | 10.4
Evocations     | 7 |  7.2
Fighting       | |  3.0
Dodging        | |  3.0

Action                   |  1- 3 |  4- 6 |  7- 9 | 10-12 || total
-------------------------+-------+-------+-------+-------++-------
Melee: Unarmed           |    99 |   177 |   219 |   146 ||   641
       Constrict         |    25 |    49 |    50 |    37 ||   161
       Tentacles         |    12 |    39 |    51 |    47 ||   149
       Punch             |     2 |     5 |    17 |    10 ||    34
Throw: Tomahawk          |       |     1 |     6 |     6 ||    13
       Throwing net      |       |       |     5 |       ||     5
Evoke: Wand              |       |       |     4 |    28 ||    32
  Use: Scroll            |       |     4 |     5 |     1 ||    10
       Potion            |       |     1 |     4 |     2 ||     7
 Stab: Sleeping          |     2 |     4 |    11 |     2 ||    19
       Distracted        |       |     1 |       |       ||     1
       Held in net/web   |       |       |     1 |       ||     1
  Eat: Chunk             |       |     5 |     6 |     7 ||    18
       Ration            |       |     1 |     1 |       ||     2
Armor: Skin              |    12 |     8 |     4 |     3 ||    27
Dodge: Dodged            |    38 |    70 |    84 |    70 ||   262
Block: Shield            |    46 |    69 |    72 |   111 ||   298

Table legend:
 A = Non-vault XP
 B = Vault XP
 C = Vault XP percentage of total XP
 D = Non-vault monster count
 E = Vault monster count
 F = Vault count percentage of total count
                 A         B        C        D         E       F
            +---------+---------+-------+---------+---------+-------
      Total |    3631 |    4195 |  53.6 |     175 |      74 |  29.7
            +---------+---------+-------+---------+---------+-------
        D:1 |      48 |       2 |   4.0 |      26 |       1 |   3.7
        D:2 |      74 |      43 |  36.8 |      34 |      17 |  33.3
        D:3 |     135 |       0 |   0.0 |      22 |       0 |   0.0
        D:4 |     223 |       0 |   0.0 |      13 |       0 |   0.0
        D:5 |    1065 |       0 |   0.0 |      27 |       0 |   0.0
        D:6 |     381 |    1159 |  75.3 |      12 |       5 |  29.4
        D:7 |     883 |    1242 |  58.4 |      17 |       3 |  15.0
        D:8 |     822 |     443 |  35.0 |      24 |       5 |  17.2
    Ossuary |       0 |     579 | 100.0 |       0 |      22 | 100.0
     Bailey |       0 |     727 | 100.0 |       0 |      21 | 100.0
            +---------+---------+-------+---------+---------+-------
